 Dungeon Crawl Stone Soup version 0.28-a0-1117-g0bdd5ba030 (webtiles) character file.

Game seed: 4979668755710994641

2578 blank1 the Nimble (level 9, -5/86 HPs)
             Began as a Minotaur Fighter on Dec 12, 2021.
             Was an Elder of Ashenzari.
             Slain by a two-headed ogre (12 damage)
             ... on level 7 of the Dungeon.
             The game lasted 00:15:06 (6581 turns).

blank1 the Nimble (Minotaur Fighter)                Turns: 6581, Time: 00:15:07

Health: -5/86      AC: 14    Str: 23    XL:     9   Next: 32%
Magic:  10/10      EV: 12    Int: 11    God:    Ashenzari [****..]
Gold:   376        SH:  6    Dex: 12    Spells: 8/8 levels left

rFire   . . .      SeeInvis +   a - +0 flail of the Lashed Adversity {Self, Evo} (curse)
rCold   . . .      Faith    .   c - +0 buckler "Shackled Together" {Melee, Fort} (curse)
rNeg    . . .      Spirit   .   y - +0 chain mail "I Knew You'd Do That" {Melee, Fort} (curse)
rPois   .          Reflect  .   (helmet restricted)
rElec   .          Harm     .   C - +0 cloak of Ashenzari's Apathy {Comp, Cun} (curse)
rCorr   .          Rampage  .   i - +0 pair of gloves of Ashenzari's Irritation {Cun, Range} (curse)
Will    +....      Clarity  +   (no boots)
Stlth   ..........              j - amulet of magic regeneration
HPRegen 0.24/turn               m - +6 ring of intelligence
MPRegen 0.52/turn               n - ring "Gaze Upon Infinity" {Will+, Comp, Fort} (curse)

@: no status effects
A: horns 2, retaliatory headbutt
a: Renounce Religion, Shatter the Chains


You were on level 7 of the Dungeon.
You worshipped Ashenzari.
Ashenzari was greatly pleased with you.
You visited 1 branch of the dungeon, and saw 7 of its levels.
You also visited: Ossuary.

You collected 376 gold pieces.

Inventory:

Hand Weapons
 a - the cursed +0 flail of the Lashed Adversity (weapon) {Self, Evo}

   It has a curse which improves the following skills: Introspection: Fighting
   and Spellcasting.
   Evocations: Evocations.
Missiles
 h - 2 throwing nets (quivered)
Armour
 c - the cursed +0 buckler "Shackled Together" (worn) {Melee, Fort}

   It has a curse which improves the following skills: Melee Combat: Short
   Blades, Long Blades, Axes, Maces & Flails, Polearms, Staves and Unarmed
   Combat.
   Fortitude: Armour and Shields.
 i - the cursed +0 pair of gloves of Ashenzari's Irritation (worn) {Cun, Range}
   (You found it on level 1 of the Dungeon)

   It has a curse which improves the following skills: Cunning: Dodging and
   Stealth.
   Ranged Combat: Slings, Bows, Crossbows and Throwing.
 y - the cursed +0 chain mail "I Knew You'd Do That" (worn) {Melee, Fort}
   (You found it on level 4 of the Dungeon)

   It has a curse which improves the following skills: Melee Combat: Short
   Blades, Long Blades, Axes, Maces & Flails, Polearms, Staves and Unarmed
   Combat.
   Fortitude: Armour and Shields.
 C - the cursed +0 cloak of Ashenzari's Apathy (worn) {Comp, Cun}
   (You took it off Crazy Yiuf on level 5 of the Dungeon)

   It has a curse which improves the following skills: Companions: Summonings
   and Necromancy.
   Cunning:   Dodging and Stealth.
Jewellery
 j - an amulet of magic regeneration (around neck)
 m - a +6 ring of intelligence (left hand)
 n - the cursed ring "Gaze Upon Infinity" (right hand) {Will+, Comp, Fort}
   (You found it on level 3 of the Dungeon)

   [ring of willpower]

   Will:      It increases your willpower.
   It has a curse which improves the following skills: Companions: Summonings
   and Necromancy.
   Fortitude: Armour and Shields.
Wands
 o - a wand of flame (61)
 v - a wand of acid (4)
Scrolls
 b - a scroll of blinking
 d - 2 scrolls of fear
 g - 4 scrolls of identify
 l - a scroll of immolation
 p - a scroll of magic mapping
 r - a scroll of amnesia
 s - 2 scrolls of fog
 t - a scroll of holy word
 u - 2 scrolls of teleportation
 D - a scroll of summoning
Potions
 e - 3 potions of curing
 f - a potion of invisibility
 k - 5 potions of heal wounds
 q - 2 potions of brilliance
 w - 4 potions of might
 x - 2 potions of haste
 z - 3 potions of ambrosia
 A - 3 potions of flight
 B - a potion of mutation


   Skills:
 + Level 8.1(10.5) Fighting
 - Level 6.9(10.5) Maces & Flails
 - Level 5.4(10.0) Armour
 - Level 8.2(11.8) Dodging
 - Level 5.9(10.5) Shields
 - Level 3.0 Invocations


You had 8 spell levels left.
You didn't know any spells.
Your spell library contained the following spells:

 Spells                   Type           Power      Damage    Failure   Level
 Sandblast                Erth           0%         2d4       90%         1
 Passwall                 Tmut/Erth      0%         N/A       97%         2
 Ozocubu's Armour         Ice            0%         N/A       99%         3
 Stone Arrow              Conj/Erth      0%         3d7       99%         3
 Metabolic Englaciation   Hex/Ice        0%         N/A       100%        5
 Simulacrum               Ice/Necr       0%         N/A       100%        6


Dungeon Overview and Level Annotations

Branches:
Dungeon (7/15)             Temple (0/1) D:7         Ossuary (visited)

Altars:
Ashenzari
Elyvilon
Hepliaklqana
Makhleb
Nemelex Xobeh
Ru
Uskayaw
Yredelemnul

Shops:
D:4 [(=[(


Innate Abilities, Weirdness & Mutations

You have a pair of horns on your head.
You reflexively headbutt those who attack you in melee.


Message History

You block the unseen horror's attack. The acid dragon spits acid at you.
The splash of acid hits the unseen horror!
Unknown command.
You sock the unseen horror!
You kill the unseen horror!
The orc warrior closely misses you.
Training target 10.0 for Shields reached!
You need to enable at least one skill for training.
A centaur comes into view.
The centaur moves out of view.
You sock the two-headed ogre!
The two-headed ogre is moderately wounded.
The two-headed ogre barely misses you. You furiously retaliate!
You headbutt the two-headed ogre! The two-headed ogre barely misses you.
You hit the two-headed ogre but do no damage.
The two-headed ogre is heavily wounded.
You hit the two-headed ogre.
The two-headed ogre is heavily wounded.
The two-headed ogre closely misses you. You furiously retaliate!
You headbutt the two-headed ogre, but do no damage.
You block the two-headed ogre's attack.
You barely miss the two-headed ogre. You headbutt the two-headed ogre.
The two-headed ogre is heavily wounded.
The orc warrior closely misses you. The manticore bites you!
The manticore claws you.
The manticore claws you but does no damage.
The two-headed ogre hits you with a +0 giant spiked club!!
You block the two-headed ogre's attack.
You hit the two-headed ogre.
The two-headed ogre is severely wounded.
You block the orc warrior's attack. The manticore bites you!
* * * LOW HITPOINT WARNING * * *
The manticore claws you!
* * * LOW HITPOINT WARNING * * *
The manticore claws you!
* * * LOW HITPOINT WARNING * * *
The two-headed ogre hits you but does no damage.
The two-headed ogre hits you with a +0 dire flail!
You die...

,, *##
##########.####.# * *
.. *.. #####......# *
.###c{* ##.######
*#...# ##.## , #.c.# ,
##.## ,∆#.{{#∆ * ##.##
* ##D####### ##.##
.#o####.######.##
#.#.O@.......##.###
#.##H###.#####...#####
*** #........##
#.⌠.###.#
#.##.###.#####...###.#
* ,*
#....................#
*,
#.##.###.#..⌠..>..⌠...
*,*
#....###.##.........##
*
#..#####.#####...#####
* #..### #.# #.⌠.#


You could see a two-headed ogre, a manticore, an orc warrior and an acid dragon.

Vanquished Creatures
  Maggie (D:6)
  An unseen horror (D:7)
  Prince Ribbit (D:6)
  Sigmund (D:3)
  Eustachio (D:6)
  A water moccasin (D:6)
  An orc warrior (D:7)
  A necrophage (D:6)
  2 sky beasts
  2 ogres
  A phantom (D:5)
  2 bullfrogs
  A scorpion (D:5)
  4 water moccasin zombies (Ossuary)
  2 water moccasin skeletons (D:4)
  A howler monkey (D:5)
  An orc priest (D:5)
  Crazy Yiuf (D:5)
  2 iguanas
  2 orc wizards (D:5)
  A killer bee zombie (D:6)
  A hound skeleton (D:5)
  2 mummies (Ossuary)
  3 adders
  4 gnolls (D:3)
  A white imp (D:5)
  An ufetubus (D:6)
  5 adder zombies (Ossuary)
  3 worms
  4 dart slugs
  6 orcs
  12 endoplasms
  2 giant cockroaches (D:3)
  4 gnoll zombies (Ossuary)
  6 goblins
  7 hobgoblins
  4 jackals (D:1)
  6 kobolds
  A quokka (D:1)
  6 ball pythons
  7 bats
  2 frilled lizards (D:1)
  2 hobgoblin zombies (Ossuary)
  7 kobold zombies (Ossuary)
  4 orc zombies (Ossuary)
  7 rats
137 creatures vanquished.

Notes
Turn   | Place    | Note
-------+----------+-------------------------------------------
     0 | D:1      | blank1 the Minotaur Fighter began the quest for the Orb.
     0 | D:1      | Reached XP level 1. HP: 19/19 MP: 0/0
   117 | D:1      | Reached XP level 2. HP: 22/27 MP: 1/1
   344 | D:1      | Found a faded altar of an unknown god.
   555 | D:1      | Reached skill level 1 in Dodging
   661 | D:1      | Reached XP level 3. HP: 33/33 MP: 2/2
   878 | D:1      | Prayed at the altar of an unknown god.
   878 | D:1      | Became a worshipper of Ashenzari the Shackled
  1448 | D:3      | Found a basalt altar of Yredelemnul.
  1471 | D:3      | Reached XP level 4. HP: 41/41 MP: 3/3
  1854 | D:3      | Found a white marble altar of Elyvilon.
  2038 | D:2      | Reached * piety under Ashenzari
  2263 | D:3      | Noticed Sigmund
  2273 | D:3      | Killed Sigmund
  2274 | D:3      | Reached XP level 5. HP: 34/48 MP: 3/5
  2274 | D:3      | Reached XP level 6. HP: 40/56 MP: 3/6
  2543 | D:3      | Reached ** piety under Ashenzari
  2637 | D:3      | Noticed a +0 short sword
  2637 | D:3      | Noticed a +0 falchion
  2638 | D:3      | Noticed a +0 spear
  2638 | D:3      | Noticed a +0 falchion
  2638 | D:3      | Noticed a +0 spear
  2639 | D:3      | Noticed a +0 dagger
  2639 | D:3      | Noticed a +0 short sword
  2639 | D:3      | Noticed a +0 dagger
  2641 | D:3      | Found a hide-covered altar of Uskayaw.
  2911 | D:4      | Found a sand-covered staircase.
  2922 | Ossuary  | Entered an ossuary
  3012 | Ossuary  | Reached skill level 5 in Dodging
  3017 | Ossuary  | Reached XP level 7. HP: 53/62 MP: 8/8
  3399 | D:4      | Found Ytehi's Weapon Boutique.
  3449 | D:4      | Found Ohonal's Jewellery Shop.
  3469 | D:4      | Found Dexkepli's Weapon Emporium.
  3819 | D:4      | Found a hazy altar of Hepliaklqana.
  3941 | D:4      | Found Vafo's Antique Armour Boutique.
  4028 | D:4      | Found Xiboargh's Antique Armour Shop.
  4235 | D:5      | Entered Level 5 of the Dungeon
  4572 | D:5      | Reached XP level 8. HP: 63/70 MP: 9/9
  4661 | D:5      | Found a runed translucent door.
  4662 | D:5      | Noticed Crazy Yiuf
  4802 | D:5      | Reached skill level 5 in Fighting
  5019 | D:5      | Reached skill level 5 in Maces & Flails
  5223 | D:5      | Killed Crazy Yiuf
  5366 | D:6      | Noticed Prince Ribbit
  5371 | D:6      | Reached *** piety under Ashenzari
  5379 | D:6      | Killed Prince Ribbit
  5463 | D:6      | Found a burning altar of Makhleb.
  5648 | D:6      | Identified the +5 quarterstaff of Ambiguity {holy, Will+}
  5660 | D:6      | Noticed Maggie
  5673 | D:6      | Killed Maggie
  5674 | D:6      | Reached XP level 9. HP: 40/85 MP: 10/10
  6022 | D:6      | Noticed Eustachio
  6039 | D:6      | Killed Eustachio
  6154 | D:6      | Reached **** piety under Ashenzari
  6267 | D:7      | Found a sparkling altar of Nemelex Xobeh.
  6267 | D:7      | Found a sacrificial altar of Ru.
  6275 | D:7      | Reached skill level 5 in Armour
  6331 | D:7      | Found a staircase to the Ecumenical Temple.
  6408 | D:7      | Reached skill level 5 in Shields
  6568 | D:7      | Noticed an unseen horror
  6569 | D:7      | Noticed a two-headed ogre
  6571 | D:7      | Noticed a manticore
  6572 | D:7      | Killed an unseen horror
  6581 | D:7      | Slain by a two-headed ogre

Illustrated notes

Levels and vault maps discovered:
D:1:      minmay_arrival_doors, layout_rooms, ebering_ecumenical_altar_petrified
D:2:      layout_rooms, minmay_tetromino_s2
D:3:      layout_loops_corners, nicolae_uskayaw_en_pointe,
          nicolae_overflow_crystal_walls, mainiacjoe_overflow_chevrons,
          minmay_pentangle, uniq_sigmund
D:4:      layout_basic, mainiacjoe_overflow_six_doors_small, enter_ossuary_1,
          serial_shops, nicolae_shop_waterfront, kennysheep_little_box,
          shop_statue, nicolae_shop_statue_plus, nicolae_shop_waterfront,
          grunt_ministairs_4
D:5:      layout_loops_cross, uniq_crazy_yiuf_cottage
D:6:      layout_loops_ring, bloody_makhleb, uniq_eustachio, uniq_maggie,
          uniq_prince_ribbit1
D:7:      minmay_blocky_corners, layout_loops_corners,
          amethyst_overflow_temple_binary, minmay_temple_entry_junction,
          minmay_misc_feat_room

Skill      XL: |  1  2  3  4  5  6  7  8  9 |
---------------+----------------------------+-----
Dodging        | 1 4 5 8 |  8.2
Shields        | 4 5 |  5.9
Fighting       | 4 8 |  8.1
Armour         | 4 5 |  5.4
Maces & Flails | 3 4 6 |  6.9
Invocations    | 2 3 |  3.0

Action                   |  1- 3 |  4- 6 |  7- 9 || total
-------------------------+-------+-------+-------++-------
Melee: Flail             |    85 |    91 |   220 ||   396
       Headbutt          |    18 |    18 |    48 ||    84
Invok: Curse Item        |     1 |     2 |     3 ||     6
  Use: Potion            |       |     1 |       ||     1
Armor: Scale mail        |    41 |    31 |     9 ||    81
       Chain mail        |       |       |    62 ||    62
Dodge: Dodged            |    40 |    37 |    87 ||   164
Block: Buckler           |    21 |    18 |    28 ||    67

Table legend: (Time is in decaauts)
 A = Elapsed time spent in this place.
 B = Non-inter-level travel time spent in this place.
 C = Inter-level travel time spent in this place.
 D = Time resting spent in this place.
 E = Time spent auto-exploring this place.
 F = Levels seen in this place.
 G = Mean time per level.
                   A        B        C        D        E       F      G
               +--------+--------+--------+--------+--------+-----+--------+
         Total |   6638 |   6374 |    264 |      0 |   5242 |   8 |  829.8 |
       Dungeon |   6430 |   6166 |    264 |      0 |   5218 |   7 |  918.6 |
       Ossuary |    208 |    208 |      0 |      0 |     24 |   1 |  208.0 |
               +--------+--------+--------+--------+--------+-----+--------+

Top non-repeatable levels by time:
     D:3: 1428 daAuts
     D:4: 1155 daAuts
     D:5: 1059 daAuts
     D:6: 920 daAuts
     D:1: 912 daAuts
     D:2: 585 daAuts
     D:7: 368 daAuts
 Ossuary: 208 daAuts
